 Dungeon Crawl Stone Soup version 0.18-a0-1354-gbc5753f (webtiles) character file.

123120 Duffy the Black Belt (level 16, 130/130 HPs)
             Began as a Demonspawn Monk on Feb 19, 2016.
             Was the Champion of Cheibriados.
             Quit the game on level 2 of the Orcish Mines.
             The game lasted 00:43:39 (31272 turns).

Duffy the Black Belt (Demonspawn Monk)             Turns: 31272, Time: 00:43:40

Health: 130/130    AC: 47    Str: 31    XL:     16   Next: 36%
Magic:  25/25      EV: 20    Int: 29    God:    Cheibriados [******]
Gold:   815        SH:  0    Dex: 31    Spells: 1 memorised, 13 levels left

rFire  + . .     SeeInvis .       - Unarmed
rCold  . . .     Gourm    .     W - +7 plate armour {rF+}
rNeg   . . .     Faith    +     (no shield)
rPois  .         Spirit   +     (helmet restricted)
rElec  .         Dismiss  .     Y - +2 cloak {MR+}
rCorr  .         Reflect  .     s - +2 pair of gloves
SustAt .         Harm     .     D - +0 pair of boots {Stlth+}
MR     ++...                    y - amulet of faith
Stlth  ++........               R - +4 ring of protection
                                L - +5 ring of protection

@: very slow, very resistant to hostile enchantments, unstealthy
A: horns 2, iridescent scales 3, nightstalker 2, magic shield, magic
regeneration
a: Bend Time, Temporal Distortion, Slouch, Step From Time, Renounce Religion


You were on level 2 of the Orcish Mines.
You worshipped Cheibriados.
Cheibriados was exalted by your worship.
You were not hungry.

You visited 4 branches of the dungeon, and saw 26 of its levels.
You also visited: Ossuary and Ice Cave.

You collected 2437 gold pieces.
You spent 1622 gold pieces at shops.


Innate Abilities, Weirdness & Mutations

You have a pair of horns on your head.
You are completely covered in iridescent scales (AC +8).
You are significantly more attuned to the shadows.
When hurt, damage is shared between your health and your magic reserves.
You regenerate magic rapidly.


   Skills:
 - Level 13.0 Fighting
 + Level 10.9 Armour
 - Level 11.6 Dodging
 - Level 1.7 Stealth
 + Level 17.0 Unarmed Combat
 - Level 12.2 Invocations


You had 13 spell levels left.
You knew the following spells:

 Your Spells              Type           Power        Failure   Level  Hunger
a - Blink                 Tloc           N/A          88%         2    ###....

Inventory:

Missiles
 u - 88 tomahawks (quivered)
 S - 60 poisoned needles
Armour
 s - a +2 pair of gloves (worn)
 D - a +0 pair of boots of stealth (worn)
 W - a +7 plate armour of fire resistance (worn)
 Y - a +2 cloak of magic resistance (worn)
Jewellery
 x - an uncursed ring of ice
 y - an amulet of faith (around neck)
 L - a +5 ring of protection (left hand)
 R - a +4 ring of protection (right hand)
 V - an uncursed ring of protection from fire
Wands
 n - a wand of heal wounds (6/9)
Scrolls
 f - 2 scrolls of blinking
 g - 10 scrolls of remove curse
 i - a scroll of holy word
 j - 9 scrolls of teleportation
 r - 4 scrolls of fear
 t - 4 scrolls of recharging
 w - 6 scrolls of magic mapping
 E - 4 scrolls of immolation
 F - 3 scrolls of fog
 K - 2 scrolls of summoning
 O - a scroll of silence
 T - a scroll of vulnerability
 Z - 4 scrolls of identify
Potions
 e - 6 potions of heal wounds
 h - 5 potions of ambrosia
 l - 3 potions of might
 q - 3 potions of brilliance
 z - a potion of cure mutation
 A - 4 potions of flight
 B - 16 potions of curing
 C - 2 potions of invisibility
 I - 3 potions of resistance
 J - 5 potions of cancellation
 M - 3 potions of lignification
 Q - 4 potions of agility
 X - 2 potions of magic
Comestibles
 b - 16 bread rations
 c - 8 meat rations
 p - 9 royal jellies
 N - a beef jerky
 P - 22 fruits

Dungeon Overview and Level Annotations

Branches:
Dungeon (15/15)            Temple (1/1) D:6            Lair (8/8) D:11
 Shoals (0/4) Lair:4       Spider (0/4) Lair:4        Slime (0/6) Lair:7
    Orc (2/2) D:9             Elf (0/3) Orc:2        Vaults (0/5) D:13
 Depths (0/5) D:15

Altars:
Ashenzari
Cheibriados
Dithmenos
Elyvilon
Fedhas
Gozag
Kikubaaqudgha
Makhleb
Nemelex Xobeh
Okawaru
Pakellas
Qazlal
Ru
Sif Muna
Trog
Vehumet
Xom
Yredelemnul
Zin
The Shining One
Beogh
Jiyva

Shops:
D:7 !   D:9 %   D:12 *=*?   Orc:2 ![=[


Message History

No target in view!
No target in view!
No target in view!
No target in view!
No target in view!
No target in view!
No target in view!
Things that are here:
a dagger; a leather armour; an orc corpse
Things that are here:
a dagger; a leather armour; an orc corpse
Things that are here:
a dagger; a robe
Things that are here:
a club; a leather armour Partly explored, can't reach some places.
Partly explored, can't reach some places.
(D) Dungeon (T) Temple (L) Lair (A) Shoals (N) Spider Nest (M) Slime Pits (O) Orcish Mines (E) Elven Halls (V) Vaults (U) Depths
Where to? (Enter - Orc:2 @ (x,y), ? - help)
You see here a giant club.
Things that are here:
a leather armour; an enchanted dagger You see here a club.
There is an entrance to Nefits's Distillery here.
J - 5 potions of cancellation (gained 1)
B - 13 potions of curing (gained 1);
B - 14 potions of curing (gained 1)
B - 15 potions of curing (gained 1);
Q - 4 potions of agility (gained 1)
B - 16 potions of curing (gained 1) Thank you for shopping at Nefits's Distillery!
Read which item? (? for menu, Esc to quit)
Charge which item? (? for menu, Esc to quit)
Okay, then.
Are you sure you want to abandon this character and quit the game? (Confirm with "yes".)

~~~~~~~~~ ~~~~~~~~~ #~#~~~#~~~~
##### #~~~~ ##~~~ ##...## #~~
#~.. ##.....## #~#####7P
##.......## ##~~# ##
#.........# #~~~##### ######
#....@....# ##~~~#7.. ##....##
#.........# #~~......
##......####.......## ##P......
#........####.[)).## ##.##...
#...8.....####[.)## ##.##..
#..........###.[[## ########.
##....[[....###...##
###..###### #....[.[....##....#
#.'..#...##
###..)##.....##...###.#..#...##


There were no monsters in sight!

Action                   |  1- 3 |  4- 6 |  7- 9 | 10-12 | 13-15 | 16-18 || total
-------------------------+-------+-------+-------+-------+-------+-------++-------
Melee: Unarmed           |   144 |   243 |   322 |   640 |  1649 |   204 ||  3202
Invok: Slouch            |       |       |       |     2 |     5 |       ||     7
  Use: Scroll            |       |     5 |     8 |     9 |    13 |     8 ||    43
       Potion            |       |     1 |     2 |       |     2 |       ||     5
 Stab: Sleeping          |     3 |     6 |     1 |       |     4 |     1 ||    15
       Distracted        |       |     1 |     1 |       |     1 |       ||     3
       Petrified         |       |       |       |       |       |     3 ||     3
  Eat: Chunk             |     2 |    11 |     6 |    13 |    23 |     2 ||    57
       Beef jerky        |       |       |     2 |       |       |       ||     2
       Pizza             |       |       |       |       |     4 |     2 ||     6

Notes
Turn   | Place    | Note
--------------------------------------------------------------
     0 | D:1      | Duffy the Demonspawn Monk began the quest for the Orb.
     0 | D:1      | Reached XP level 1. HP: 18/18 MP: 1/1
   151 | D:1      | Reached skill level 4 in Unarmed Combat
   196 | D:1      | Gained mutation: You are slightly more attuned to the shadows. [demonic ancestry]
   196 | D:1      | Reached XP level 2. HP: 21/24 MP: 2/2
   293 | D:1      | Found a glowing golden altar of the Shining One.
   979 | D:1      | Reached XP level 3. HP: 24/29 MP: 3/3
  1449 | D:2      | Found a sacrificial altar of Ru.
  1515 | D:2      | Noticed Crazy Yiuf
  1764 | D:2      | Killed Crazy Yiuf
  1764 | D:2      | Reached skill level 5 in Unarmed Combat
  1764 | D:2      | Gained mutation: You have a pair of small horns on your head. [demonic ancestry]
  1764 | D:2      | Reached XP level 4. HP: 8/35 MP: 4/4
  2223 | D:2      | Found a burning altar of Makhleb.
  2232 | D:2      | Gained mutation: You are partially covered in iridescent scales (AC +4). [demonic ancestry]
  2232 | D:2      | Reached XP level 5. HP: 33/41 MP: 5/5
  2799 | D:2      | Reached skill level 6 in Unarmed Combat
  3232 | D:3      | Found a white marble altar of Elyvilon.
  3461 | D:3      | You fall through a shaft!
  3584 | D:4      | Found a sand-covered staircase.
  3591 | D:4      | Gained mutation: You are mostly covered in iridescent scales (AC +6). [demonic ancestry]
  3591 | D:4      | Reached XP level 6. HP: 42/47 MP: 6/6
  3617 | Ossuary  | Entered an ossuary
  3718 | Ossuary  | Noticed a flying skull
  3718 | Ossuary  | Noticed a wraith
  3725 | Ossuary  | Noticed a flying skull
  4129 | D:1      | Reached skill level 7 in Unarmed Combat
  4296 | D:4      | Found an ancient bone altar of Kikubaaqudgha.
  5069 | D:4      | Gained mutation: You have a pair of horns on your head. [demonic ancestry]
  5069 | D:4      | Reached XP level 7. HP: 44/52 MP: 7/7
  5334 | D:5      | Entered Level 5 of the Dungeon
  5357 | D:5      | Reached skill level 8 in Unarmed Combat
  6070 | D:6      | Reached skill level 4 in Fighting
  6180 | D:6      | Reached XP level 8. HP: 53/61 MP: 8/8
  6365 | D:6      | Reached skill level 9 in Unarmed Combat
  6501 | D:6      | Reached skill level 5 in Fighting
  6575 | D:6      | Found a staircase to the Ecumenical Temple.
  6583 | Temple   | Entered the Ecumenical Temple
  6967 | Temple   | Became a worshipper of Cheibriados the Contemplative
  6967 | Temple   | Reached * piety under Cheibriados
  6967 | Temple   | Reached ** piety under Cheibriados
  7268 | D:6      | Noticed Eustachio
  7299 | D:6      | Killed Eustachio
  7299 | D:6      | Reached skill level 6 in Fighting
  7423 | D:6      | Found a basalt altar of Yredelemnul.
  7695 | D:6      | Reached skill level 3 in Dodging
  7701 | D:6      | Reached XP level 9. HP: 71/71 MP: 9/9
  7814 | D:7      | Reached skill level 10 in Unarmed Combat
  7815 | D:7      | Reached *** piety under Cheibriados
  7944 | D:7      | Found a sacrificial altar of Ru.
  8033 | D:7      | Found Zaonigg's Distillery.
  8036 | D:7      | Reached skill level 4 in Dodging
  8052 | D:7      | Bought a potion of resistance for 120 gold pieces
  8052 | D:7      | Bought a potion of cancellation for 96 gold pieces
  8052 | D:7      | Bought a potion of might for 48 gold pieces
  8129 | D:7      | Found an opulent altar of Gozag.
  8241 | D:7      | Found a stormy altar of Qazlal.
  8287 | D:7      | Reached skill level 7 in Fighting
  8374 | D:7      | Reached **** piety under Cheibriados
  8536 | D:8      | Noticed Erica
  8549 | D:8      | Killed Erica
  8549 | D:8      | Reached skill level 5 in Dodging
  8614 | D:8      | Noticed Gastronok
  8625 | D:8      | Killed Gastronok
  8625 | D:8      | Reached skill level 6 in Dodging
  8625 | D:8      | Reached skill level 11 in Unarmed Combat
  8625 | D:8      | Gained mutation: When hurt, damage is shared between your health and your magic reserves. [demonic ancestry]
  8625 | D:8      | Reached XP level 10. HP: 33/80 MP: 10/10
  8849 | D:8      | Reached skill level 8 in Fighting
  8903 | D:8      | Noticed Maurice
  8935 | D:8      | Killed Maurice
  8995 | D:8      | Found an oddly glowing altar of Pakellas.
  9031 | D:8      | Reached skill level 7 in Dodging
  9068 | D:8      | Reached ***** piety under Cheibriados
  9115 | D:8      | Found a shimmering altar of Xom.
  9140 | D:8      | Noticed Grum
  9142 | D:8      | Reached skill level 1 in Invocations
  9148 | D:8      | Killed Grum
  9152 | D:8      | Reached skill level 2 in Invocations
  9420 | D:9      | Found a staircase to the Orcish Mines.
  9426 | D:9      | Reached skill level 3 in Invocations
  9438 | D:9      | Reached skill level 4 in Invocations
  9524 | D:9      | Reached skill level 12 in Unarmed Combat
  9549 | D:9      | Noticed a cyclops
  9559 | D:9      | Killed a cyclops
  9559 | D:9      | Reached skill level 5 in Invocations
  9713 | D:9      | Learned a level 2 spell: Blink
  9728 | D:9      | Reached XP level 11. HP: 81/86 MP: 12/14
  9953 | D:9      | Found Ufa Popp's Food Shoppe.
 10025 | D:9      | Reached skill level 6 in Invocations
 10402 | D:10     | Entered Level 10 of the Dungeon
 10407 | D:10     | Reached skill level 7 in Invocations
 10493 | D:10     | Noticed Nergalle
 10501 | D:10     | Noticed a spectral orc warlord
 10528 | D:10     | Killed Nergalle
 10528 | D:10     | Reached ****** piety under Cheibriados
 10536 | D:10     | Reached skill level 8 in Invocations
 10742 | D:10     | Noticed a hill giant
 10751 | D:10     | Killed a hill giant
 10867 | D:10     | Found a stormy altar of Qazlal.
 10964 | D:10     | Noticed a hill giant
 10969 | D:10     | Killed a hill giant
 10969 | D:10     | Reached skill level 9 in Invocations
 11057 | D:10     | Reached skill level 13 in Unarmed Combat
 11450 | D:11     | Noticed a hill giant
 11451 | D:11     | Noticed a hill giant
 11456 | D:11     | Reached skill level 10 in Invocations
 11465 | D:11     | Killed a hill giant
 11471 | D:11     | Killed a hill giant
 11797 | D:11     | Noticed a hill giant
 11804 | D:11     | Killed a hill giant
 11864 | D:11     | Reached XP level 12. HP: 81/91 MP: 18/20
 12096 | D:11     | Got a polished plate armour
 12107 | D:11     | Identified the +4 plate armour of Grottiness {Int+6} (You found it on level 11 of the Dungeon)
 12117 | D:11     | Noticed yogakurto's ghost (novice TrWn)
 12129 | D:11     | Killed yogakurto's ghost
 12129 | D:11     | Reached skill level 11 in Invocations
 12178 | D:11     | Found a staircase to the Lair.
 12197 | D:11     | Noticed Snorg
 12202 | D:11     | Killed Snorg
 12303 | Lair:1   | Entered Level 1 of the Lair of Beasts
 12499 | Lair:1   | Noticed a five-headed hydra
 12506 | Lair:1   | Killed a five-headed hydra
 12513 | Lair:1   | Reached skill level 1 in Armour
 12810 | Lair:1   | Reached skill level 2 in Armour
 13140 | Lair:1   | Reached skill level 14 in Unarmed Combat
 13685 | Lair:2   | Noticed Harold
 13698 | Lair:2   | Killed Harold
 13711 | Lair:2   | Noticed a five-headed hydra
 13722 | Lair:2   | Killed a five-headed hydra
 13722 | Lair:2   | Reached skill level 12 in Invocations
 13822 | Lair:2   | Noticed a fire dragon
 13834 | Lair:2   | Killed a fire dragon
 13834 | Lair:2   | Reached skill level 9 in Fighting
 13834 | Lair:2   | Reached skill level 3 in Armour
 15047 | Lair:3   | Gained mutation: You regenerate magic rapidly. [demonic ancestry]
 15047 | Lair:3   | Reached XP level 13. HP: 99/99 MP: 22/22
 15425 | Lair:3   | Reached skill level 8 in Dodging
 15544 | Lair:3   | Reached skill level 4 in Armour
 16370 | Lair:4   | Found a staircase to the Shoals.
 16576 | Lair:4   | Reached skill level 10 in Fighting
 17193 | Lair:4   | Reached skill level 5 in Armour
 17301 | Lair:4   | Found a hole to the Spider Nest.
 17786 | Lair:5   | Found a frozen archway.
 17795 | Lair:5   | Reached skill level 9 in Dodging
 17812 | IceCv    | Entered an ice cave
 18831 | Lair:6   | Reached skill level 6 in Armour
 18846 | Lair:6   | Reached skill level 15 in Unarmed Combat
 19511 | Lair:6   | Reached XP level 14. HP: 109/109 MP: 23/23
 20000 | Lair:7   | Found an ancient bone altar of Kikubaaqudgha.
 20055 | Lair:7   | Found a staircase to the Slime Pits.
 20058 | Lair:7   | Found a viscous altar of Jiyva.
 20104 | Lair:7   | Reached skill level 11 in Fighting
 20405 | Lair:7   | Reached skill level 7 in Armour
 20947 | Lair:8   | Entered Level 8 of the Lair of Beasts
 20959 | Lair:8   | Got a warped cloak
 20970 | Lair:8   | Identified the +4 cloak of the Saviour {-Cast rPois Int+5 SInv} (You found it on level 8 of the Lair of Beasts)
 21184 | Lair:8   | Reached skill level 10 in Dodging
 22749 | D:12     | Found Methi's Assorted Antiques.
 22948 | D:12     | Found Vaqa's Jewellery Shop.
 22954 | D:12     | Found Voefi's Assorted Antiques.
 22984 | D:12     | Reached skill level 8 in Armour
 23282 | D:12     | Found Miro Xieh's Magic Scroll Boutique.
 23502 | Orc:1    | Entered Level 1 of the Orcish Mines
 23513 | Orc:1    | Reached skill level 12 in Fighting
 23687 | Orc:2    | Entered Level 2 of the Orcish Mines
 23806 | Orc:2    | Gained mutation: You are significantly more attuned to the shadows. [demonic ancestry]
 23806 | Orc:2    | Reached XP level 15. HP: 118/118 MP: 24/24
 23820 | Orc:2    | Found Qeusor's Armour Emporium.
 23843 | Orc:2    | Found Nyetz's Jewellery Shoppe.
 23959 | Orc:2    | Noticed Rupert
 23978 | Orc:2    | Killed Rupert
 24031 | Orc:2    | Noticed an orc warlord
 24068 | Orc:2    | Killed an orc warlord
 24069 | Orc:2    | Found a roughly hewn altar of Beogh.
 24475 | Orc:2    | Found Nefits's Distillery.
 24985 | Orc:2    | Found Haore's Armour Shop.
 25001 | Orc:2    | Reached skill level 11 in Dodging
 25218 | Orc:2    | Found a roughly hewn altar of Beogh.
 25222 | Orc:2    | Reached skill level 16 in Unarmed Combat
 25370 | Orc:2    | Paralysed by an orc sorcerer for 7 turns
 25818 | Orc:2    | Reached skill level 9 in Armour
 25947 | Orc:2    | Found a staircase to the Elven Halls.
 26856 | Orc:1    | You fall through a shaft!
 27474 | D:13     | Paralysed by an ogre mage for 4 turns
 27733 | D:13     | Found a gate to the Vaults.
 28827 | D:14     | Reached skill level 13 in Fighting
 29461 | D:15     | Entered Level 15 of the Dungeon
 29492 | D:15     | Found a blossoming altar of Fedhas.
 29535 | D:15     | Reached skill level 10 in Armour
 29535 | D:15     | Gained mutation: You are completely covered in iridescent scales (AC +8). [demonic ancestry]
 29535 | D:15     | Reached XP level 16. HP: 127/130 MP: 23/25
 29846 | D:15     | Found a staircase to the Depths.
 30016 | D:15     | Identified the Almanac of Confrontation and the Blaze (You found it on level 15 of the Dungeon)
 30115 | D:15     | Noticed Azrael
 30121 | D:15     | Killed Azrael
 30827 | D:12     | Bought a scroll of identify for 30 gold pieces
 30827 | D:12     | Bought a scroll of identify for 30 gold pieces
 30827 | D:12     | Bought a scroll of identify for 30 gold pieces
 30827 | D:12     | Bought a scroll of identify for 30 gold pieces
 30827 | D:12     | Bought a scroll of magic mapping for 52 gold pieces
 30827 | D:12     | Bought a scroll of enchant armour for 112 gold pieces
 30861 | D:12     | Bought a garnet ring for 150 gold pieces
 30861 | D:12     | Bought a shiny emerald ring for 150 gold pieces
 30861 | D:12     | Bought a golden ring for 150 gold pieces
 31022 | D:7      | Bought a potion of curing for 36 gold pieces
 31022 | D:7      | Bought a potion of agility for 48 gold pieces
 31022 | D:7      | Bought a potion of curing for 36 gold pieces
 31022 | D:7      | Bought a potion of cancellation for 96 gold pieces
 31121 | Orc:2    | Reached skill level 17 in Unarmed Combat
 31272 | Orc:2    | Bought a potion of cancellation for 136 gold pieces
 31272 | Orc:2    | Bought a potion of curing for 51 gold pieces
 31272 | Orc:2    | Bought a potion of curing for 51 gold pieces
 31272 | Orc:2    | Bought a potion of curing for 51 gold pieces
 31272 | Orc:2    | Bought a potion of agility for 68 gold pieces
 31272 | Orc:2    | Bought a potion of curing for 51 gold pieces
 31272 | Orc:2    | Quit the game

Vault maps used:
D:1:      dpeg_arrival_subterranean_lakeside_camping,
          corexii_item_surrounded_by_moat, tso_metal_star
D:2:      nicolae_overflow_hidden_temple, makhleb_heckhound_becter,
          uniq_crazy_yiuf_cottage
D:3:      elyvilon_altar_4
D:4:      kiku_gazebo_pond_becter, first_bread, nicolae_ossuary_entry_giza
D:6:      lemuel_zombie_altar_yredelemnul, minmay_temple_entry_large_hall,
          uniq_eustachio
D:7:      grunt_gozag_breadcrumbs, kennysheep_little_box, serial_shops,
          nicolae_shop_competitors_out_of_business, serial_park_tiny_1,
          hangedman_ru_absence
D:8:      grunt_pakellas_sulfur, kennysheep_mini, uniq_gastronok, uniq_erica,
          uniq_maurice, uniq_grum
D:9:      serial_shops, shop
D:10:     david_nohive_1, grunt_qazlal_clouds, uniq_nergalle
D:11:     david_lair_shrubbed, uniq_snorg
D:12:     serial_shops, shop, nicolae_shop_waterfront, nicolae_shop_crystal,
          nicolae_shop_statue_plus, kennysheep_generic_room_14
D:13:     grunt_vaults_entry_fortified
D:14:     minmay_misc_feat_columns
D:15:     grunt_enter_depths_hoard, fedhas_altar_1, uniq_azrael
Temple:   minmay_temple_forest_path_12
Lair:1:   lemuel_slime, grunt_megastairs_4
Lair:2:   dragon1_lemuel, minmay_holes, serial_bayou_lagoon_a,
          beast_lair_carwin_4, serial_bayou_shore_a, uniq_harold
Lair:3:   grunt_megastairs_5
Lair:4:   elwin_shoals_entry_stream, spider_nest_entry_a,
          nicolae_quartered_pool_little, nicolae_lair_grove_arrangements,
          st_stairs_6
Lair:5:   portal_ice_cave_entry_ice_beasts
Lair:6:   beast_lair_carwin_6, lemuel_fruit_fields
Lair:7:   slime_altar_1, basic_altar, cheibrodos_lair_reptile_den
Lair:8:   minmay_lair_end_enchanted_forest
Orc:2:    pubby_orc_utopia, uniq_rupert
Ossuary:  ossuary_due_cavern
IceCv:    ice_cave_caverns_02

Vanquished Creatures
  Rupert Gastronok
  2 orc warlords Azrael
  3 fire dragons
  4 vault guards Snorg
  2 ogre magi Harold
  8 hydras
  A catoblepas Erica
  7 centaur warriors
  A death knight
  10 death yaks
  5 orc high priests Nergalle
  2 deep elf knights
  The ghost of yogakurto the Ducker, a novice TrWn of the Shining One
  4 skeletal warriors
  3 unseen horrors
  A lindwurm (shapeshifter)
  9 hill giants
  6 orc knights
  3 deep elf magi
  A manticore
  5 orc sorcerers
  3 griffons
  7 elephants
  4 ugly things
  6 cyclopes
  3 sirens
  2 centaur zombies Maurice
  7 black mambas
  12 spiny frogs
  4 komodo dragons
  2 spriggan druids
  2 fire drakes
  9 trolls
  A merfolk
  9 polar bears
  A jumping spider
  9 two-headed ogres
  A queen bee
  A slime creature
  8 blink frogs
  A hornet zombie
  A vampire
  10 spriggans
  A shadow
  5 redbacks
  4 fire elementals Eustachio
  2 wyverns
  44 yaks Grum
  A golden eye (shapeshifter)
  A human
  3 hungry ghosts
  5 basilisks
  5 vampire mosquitoes
  16 hippogriffs
  35 wolves
  2 mottled dragons
  5 wargs
  A warg (shapeshifter)
  3 hell hounds
  14 water moccasins
  18 porcupines
  An eye of draining
  5 sky beasts
  19 ice beasts
  6 black bears
  58 orc warriors
  3 wasps
  26 ogres
  3 necrophages
  6 phantoms
  19 crocodiles
  9 centaurs
  A crocodile (shapeshifter)
  5 big kobolds
  24 giant frogs
  A wyvern zombie
  A gnoll sergeant
  A wyvern skeleton
  5 scorpions
  29 killer bees
  8 wights
  3 electric eels
  7 crimson imps
  5 giant frog zombies
  A lava snake
  A quasit
  11 jellies
  5 centaur skeletons
  4 giant frog skeletons
  11 hounds Crazy Yiuf
  36 orc priests
  10 iguanas
  21 orc wizards
  14 worker ants
  13 sheep
  A hound skeleton
  A mummy
  8 gnolls
  19 adders
  27 river rats
  2 shadow imps
  15 oozes
  An adder zombie
  3 adder skeletons
  A worm
  4 giant geckos
  143 orcs
  14 bats
  5 giant cockroaches
  2 gnoll zombies
  9 goblins
  7 hobgoblins
  19 jackals
  3 quokkas
  A ball python skeleton
  A giant gecko skeleton
  3 giant gecko zombies
  7 giant newts
  A hobgoblin skeleton
  3 hobgoblin zombies
  32 kobolds
  A kobold zombie
  2 orc skeletons
  An orc zombie
  A quokka skeleton
  12 rats
  A bush
  16 fungi
  33 plants
1128 creatures vanquished.
